Map: 2000 Atmospheres LE

Players

ByuN - Winner!

  • Race: Terran Terran

Neeb

  • Race: Protoss Protoss

VOD

Have the link to the VOD?

Description

Time

  • Played on: Oct. 21, 2021, 9:41 a.m.
  • Length: 8:17
Show
View Real Time Build Order
Export as new Build Order

ByuN Terran - Winner!

Build Orders:  

Get SALT Encoding   

  12  0:00  SCV  
  13  0:12  SCV  
  14  0:17  Supply Depot  
  14  0:24  SCV  
  15  0:38  SCV  
  15  0:39  Barracks  
  16  0:43  Refinery  
  16  0:50  SCV  
  17  1:02  SCV  
  18  1:14  SCV  
  19  1:27  SCV  
  20  1:34  Marine  
  20  1:39  Orbital Command  
  21  1:45  Command Center  
  21  1:52  Barracks Reactor  
  21  1:55  Supply Depot  
  21  2:04  SCV  
  21  2:07  Barracks  
  22  2:17  SCV  
  22  2:20  Barracks  
  23  2:29  Marine x2  
  26  2:30  SCV  
  26  2:42  SCV  
  27  2:46  Marine  
  27  2:47  Marine  
  29  2:52  Bunker  
  29  2:54  SCV  
  29  2:55  Barracks Tech Lab  
  29  2:58  Orbital Command  
  29  3:04  Marine x2  
  31  3:06  SCV  
  31  3:08  Barracks Tech Lab  
  32  3:12  Refinery  
  32  3:13  Marine, Stimpack  
  33  3:24  Marine x2  
  33  3:25  SCV x2  
  38  3:34  Marine x2, Supply Depot  
  38  3:35  Combat Shield  
  38  3:39  SCV  
  38  3:40  SCV  
  41  3:43  Marine x2  
  43  3:52  Marauder  
  45  3:56  Marauder  
  45  3:57  Supply Depot  
  45  4:01  SCV x2  
  45  4:02  Marine  
  49  4:03  Marine  
  49  4:09  Engineering Bay  
  51  4:13  SCV x2  
  51  4:16  Marine  
  54  4:18  Marine  
  54  4:20  Marine x2  
  57  4:25  SCV x2  
  57  4:26  Factory  
  59  4:37  Supply Depot, SCV x2  
  59  4:38  Marine  
  62  4:45  Terran Infantry Weapons Level 1  
  62  4:52  Marine  
  62  4:59  Marine x2, SCV x2  
  66  5:01  Supply Depot  
  66  5:04  Marauder  
  67  5:10  Factory Reactor  
  67  5:11  Starport, SCV x2  
  59  5:17  Marauder  
  59  5:21  Marine x2  
  59  5:23  SCV x2  
  59  5:25  Marauder  
  59  5:27  Supply Depot, Refinery  
  60  5:29  Concussive Shells  
  60  5:37  Barracks, SCV x2  
  60  5:39  Barracks, Refinery  
  64  5:44  Marine x2  
  64  5:46  Marauder  
  64  5:47  Marauder  
  68  5:51  SCV  
  68  5:52  Supply Depot, SCV  
  68  5:53  Factory Reactor  
  68  5:55  Medivac  
  68  5:56  Medivac  
  74  6:05  Marine x2  
  74  6:09  Marauder x2, Command Center  
  80  6:23  Marine x2  
  80  6:25  Barracks Reactor, SCV x2  
  83  6:27  Barracks Tech Lab  
  83  6:30  Marauder x2  
  89  6:35  Supply Depot  
  89  6:36  Medivac x2  
  89  6:37  Supply Depot  
  89  6:38  SCV  
  89  6:39  SCV  
  93  6:44  Marine  
  93  6:45  Marine  
  95  6:48  Barracks Reactor  
  95  6:50  Marauder  
  95  6:52  Marauder  
  95  6:53  Marauder  
  102  6:54  SCV  
  102  6:57  SCV, Widow Mine x2  
  104  7:11  SCV x2  
  98  7:17  Marauder x2  
  98  7:18  Marine x2  
  98  7:19  Widow Mine x2  
  98  7:20  Marauder  
  109  7:23  SCV x2  
  109  7:27  Marine  
  109  7:28  Marine  
  113  7:31  Medivac x2  
  113  7:35  SCV x2  
  119  7:38  Orbital Command  
  119  7:43  Marauder x2  
  123  7:45  Marauder  
  123  7:47  Marine x2  
  123  7:48  Marine x2  
  127  8:15  Engineering Bay, Armory  
Show
View Real Time Build Order
Export as new Build Order

Neeb Protoss 

Build Orders: 1 Gate Expand, Blink Stalkers 

Get SALT Encoding   

  12  0:00  Probe  
  13  0:12  Probe  
  14  0:19  Pylon  
  14  0:24  Probe  
  15  0:37  Probe (Chrono Boost)  
  15  0:38  Gateway  
  16  0:46  Probe (Chrono Boost), Assimilator  
  17  0:51  Probe (Chrono Boost)  
  18  1:03  Probe  
  19  1:15  Probe  
  20  1:25  Cybernetics Core  
  20  1:32  Nexus  
  20  1:35  Probe  
  21  1:42  Pylon  
  21  1:47  Probe  
  21  1:52  Assimilator  
  22  1:59  Adept (Chrono Boost)  
  22  2:03  Shield Battery  
  22  2:06  Probe  
  25  2:10  Warp Gate  
  25  2:18  Probe  
  25  2:19  Adept (Chrono Boost)  
  28  2:30  Probe  
  28  2:33  Twilight Council  
  29  2:41  Stalker  
  31  2:45  Probe (Chrono Boost)  
  31  2:46  Probe (Chrono Boost)  
  35  2:58  Probe (Chrono Boost)  
  35  3:02  Probe (Chrono Boost)  
  35  3:04  Blink (Chrono Boost)  
  35  3:05  Probe (Chrono Boost), Gateway  
  35  3:08  Probe  
  37  3:15  Probe  
  38  3:21  Probe  
  39  3:27  Robotics Facility, Probe  
  39  3:33  Probe  
  41  3:35  Pylon  
  41  3:39  Probe  
  42  3:46  Probe  
  43  3:52  Nexus  
  43  3:54  Probe  
  44  3:58  Pylon  
  44  4:01  Probe  
  45  4:07  Probe, Stalker  
  48  4:10  Stalker  
  48  4:13  Probe  
  51  4:19  Assimilator  
  51  4:21  Probe  
  53  4:26  Probe  
  53  4:31  Immortal  
  57  4:34  Shield Battery, Stalker  
  57  4:38  Stalker  
  61  4:43  Shield Battery  
  61  4:48  Probe  
  62  4:58  Pylon x2  
  62  5:00  Probe x2  
  62  5:04  Stalker x2  
  63  5:12  Probe  
  63  5:13  Probe  
  59  5:16  Immortal  
  59  5:17  Probe (Chrono Boost)  
  64  5:23  Charge  
  64  5:24  Probe (Chrono Boost)  
  65  5:30  Probe x2 (Chrono Boost), Stalker  
  65  5:32  Sentry  
  65  5:34  Forge  
  65  5:35  Probe (Chrono Boost)  
  71  5:37  Probe (Chrono Boost)  
  71  5:40  Probe x2 (Chrono Boost)  
  74  5:44  Probe  
  75  5:51  Probe  
  75  5:52  Gateway  
  75  5:53  Gateway  
  75  5:54  Robotics Bay  
  75  5:55  Probe  
  77  5:57  Observer  
  77  6:02  Probe  
  77  6:03  Probe  
  80  6:08  Assimilator  
  80  6:10  Assimilator  
  80  6:11  Probe  
  80  6:12  Pylon  
  80  6:14  Probe  
  80  6:15  Sentry  
  80  6:16  Pylon  
  84  6:19  Warp Prism (Chrono Boost)  
  84  6:21  Probe  
  84  6:22  Pylon  
  87  6:30  Pylon  
  87  6:32  Photon Cannon  
  87  6:34  Probe x3  
  87  6:38  Stalker, Photon Cannon  
  92  6:47  Pylon  
  92  6:50  Colossus (Chrono Boost)  
  92  6:53  Pylon  
  98  6:58  Stalker x2  
  98  7:13  Observer  
  98  7:18  Probe x2  
  98  7:20  Probe, Assimilator  
  101  7:22  Pylon  
  101  7:26  Gateway x2  
  101  7:29  Gateway  
  101  7:30  Sentry, Gateway, Zealot x2  
  101  7:31  Zealot  
  101  7:32  Templar Archives  
  109  7:47  Photon Cannon  
  109  7:50  Pylon  
  109  7:53  Zealot x4  
Tags
 
Add a new tag
Caveats
  • Supply blocks, unpowered buildings, or Contaminate may cause inaccurate times.
  • Supply counts are checked every 10 seconds.